 Dungeon Crawl Stone Soup version 0.31-a0-986-g5e6e4ef867 (webtiles) character file.

Game seed: 17728817406809240119

12314 2FriedEggs the Covert (level 11, 53/56 HPs)
             Began as a Vampire Artificer on Nov 9, 2023.
             Was an Elder of Hepliaklqana.
             Quit the game on level 2 of the Lair of Beasts on Nov 14, 2023.
             The game lasted 01:13:15 (15482 turns).

2FriedEggs the Covert (Vampire Artificer)          Turns: 15482, Time: 01:13:16

Health: 53/56      AC:  0    Str: 11    XL:     11   Next: 60%
Magic:  17/17      EV: 44    Int: 13    God:    Hepliaklqana [****..]
Gold:   686        SH:  0    Dex: 25    Spells: 10/10 levels left

rFire   . . .        i - melded +1 short sword
rCold   + + .        (shield currently unavailable)
rNeg    + + +        b - melded +0 leather armour
rPois   ∞            (helmet currently unavailable)
rElec   .            (cloak currently unavailable)
rCorr   .            (gloves currently unavailable)
SInv    +            (boots currently unavailable)
Will    +....        r - amulet of the acrobat
Stlth   +++++++      m - melded ring of willpower
HPRegen 0.00/turn    (ring currently unavailable)
MPRegen 0.15/turn

%: acrobat
@: bat-form, acrobatic, flying, bloodless, inhibited regen, very quick
A: fast, flying, no casting, reduced essence, tiny, bloodless, fangs 3, see
invisible, vampiric 2
a: Revivify, End Transformation, Renounce Religion, Recall Ancestor, Ancestor
Identity, Transference, Idealise


You were on level 2 of the Lair of Beasts.
You worshipped Hepliaklqana.
Hepliaklqana was greatly pleased with you.
You were a vampire bat.
You visited 3 branches of the dungeon, and saw 13 of its levels.

You collected 725 gold pieces.
You spent 39 gold pieces at shops.

Inventory:

Hand Weapons
 i - a +1 short sword (melded)
Missiles
 C - a throwing net
Armour
 b - a +0 leather armour (melded)
Jewellery
 m - a ring of willpower (melded)
 r - an amulet of the acrobat (around neck)
Wands
 c - a wand of flame (5)
 d - a wand of charming (14)
 e - a wand of iceblast (1)
 f - a wand of roots (16)
 j - a wand of quicksilver (5)
 v - a wand of paralysis (5)
Scrolls
 a - 4 scrolls of teleportation
 h - a scroll of torment
 l - 3 scrolls of noise
 o - a scroll of enchant weapon
 p - a scroll of amnesia
 q - a scroll of brand weapon
 s - 3 scrolls of enchant armour
 y - 4 scrolls of silence
 B - a scroll of vulnerability
Potions
 g - a potion of berserk rage {unknown}
 k - a potion of curing {unknown}
 n - a potion of resistance {unknown}
 t - a potion of magic {unknown}
 u - a potion of invisibility {unknown}
 z - 2 potions of mutation
 A - a potion of heal wounds {unknown}
 D - 2 potions of enlightenment {unknown}
 E - a potion of cancellation {unknown}


   Skills:
 + Level 6.2 Fighting
 - Level 0.7 Armour
 + Level 8.2 Dodging
 - Level 11.4 Stealth
 - Level 8.0 Invocations
 * Level 10.6 Evocations


You had 10 spell levels left.
You didn't know any spells.
Your spell library contained the following spells:

 Spells                   Type           Power      Damage    Failure   Level
 Slow                     Hex            0%         N/A       30%         1
 Poisonous Vapours        Pois/Air       0%         N/A       43%         2
 Sublimation of Blood     Necr           0%         N/A       43%         2
 Wereblood                Tmut           0%         N/A       43%         2
 Confusing Touch          Hex            0%         N/A       67%         3
 Mephitic Cloud           Conj/Pois/Air  0%         N/A       67%         3
 Ozocubu's Armour         Ice            0%         N/A       67%         3
 Sigil of Binding         Hex            0%         N/A       67%         3
 Stone Arrow              Conj/Erth      0%         3d7       67%         3
 Vampiric Draining        Necr           0%         2d6       67%         3
 Animate Armour           Summ/Erth      0%         N/A       97%         4
 Freezing Cloud           Conj/Ice/Air   0%         6-21      100%        5
 Metabolic Englaciation   Hex/Ice        0%         N/A       100%        5
 Simulacrum               Ice/Necr       0%         N/A       100%        6
 Summon Hydra             Summ           0%         N/A       100%        7
 Lehudib's Crystal Spear  Conj/Erth      0%         10d2      100%        8


Dungeon Overview and Level Annotations

Branches:
Dungeon (10/15)            Temple (1/1) D:4            Lair (2/5) D:10
 Shoals (0/4) Lair:2          Orc (0/2) D:9
  Snake: Lair:2-3    Spider: Lair:2-3

Altars:
Ashenzari
Cheibriados
Dithmenos
Fedhas
Gozag
Hepliaklqana
Kikubaaqudgha
Makhleb
Nemelex Xobeh
Okawaru
Qazlal
Ru
Sif Muna
Uskayaw
Vehumet
Wu Jian
Xom
Yredelemnul

Shops:
D:1 ?   D:10 (

Annotations:
D:8 Gastronok
Lair:1 exclusion: oklob plant


Innate Abilities, Weirdness & Mutations

You are a vampire bat.
You are tiny and dextrous.
You move quickly.
You are flying.
You are immune to poison.
Your equipment is almost entirely melded.
You are incapable of wielding weapons or throwing items.
You cannot cast spells.
Your life essence is reduced to manifest your ancestor. (-10% HP)
You do not regenerate when monsters are visible.
You are frail without blood (-20% HP).
You can heal yourself when you bite living creatures.
You are immune to poison.
You have razor-sharp teeth.
You have supernaturally acute eyesight. (SInv)
You are afflicted with vampirism and can become a bat while bloodless.


Message History

Bat Master Bo gestures at the naga while chanting.
The puff of frost hits the naga.
Bat Master Bo points at the naga and mumbles some strange words.
The puff of frost hits the naga!
A naga comes into view. It is wielding a +0 war axe.
Bat Master Bo hits the naga with a +0 quarterstaff.
The naga barely misses Bat Master Bo.
A naga comes into view. It is wielding a +0 battleaxe.
Bat Master Bo gestures at the naga while chanting.
The puff of frost hits the naga but does no damage.
The naga misses Bat Master Bo.
Bat Master Bo hits the naga with a +0 quarterstaff!
The naga dies!
Press: ? - help, v - describe, . - travel
Here: Bat Master Bo the battlemage, wielding a +0 quarterstaff (friendly)
The floor.
Bat Master Bo hits the naga with a +0 quarterstaff!!
The naga dies!
You hear an angry hiss.
Bat Master Bo points at the naga and mumbles some strange words.
The puff of frost hits the naga!
You see here a komodo dragon corpse.
Something hits the plant!!
The plant begins to die.
Something grabs the plant.
The plant is constricted.
You see here a water moccasin corpse.
A water moccasin comes into view.
There is a stone staircase leading up here.
Unknown command.
Saving game... please wait.
You feel a wave of frost pass over you.
There is an entrance to an ice cave on this level.
Hurry and find it before the portal melts!
You hear the faint crackling of a melting archway nearby.
Welcome back, 2FriedEggs the Vampire Artificer.
Hepliaklqana says: Your past becomes your present!
Press ? for a list of commands and other information.
Unknown command.
You don't know any spells.
Okay, then.
Okay, then.
Are you sure you want to abandon this character and quit the game? (Confirm with "yes".)

.## ......... 8... ........
Y.#.. ...... Y..#.# ....
......##.. #......#.### ..
#........# .### #....b.# #..#
#.##...### ##..# #####S.#.##
....# #.........## .
....##### ##.....†....###....
........###..[........†......
...........#.)......#.#......
....####P......~~..~.~.##....
...># #####..~#~~~.#### ###


You could see a water moccasin.

Vanquished Creatures
  A tengu warrior (D:8)
  Jeremiah (D:6)
  A komodo dragon (Lair:1)
  Sigmund (D:3)
  Menkaure (D:6)
  A hound (D:5)
  An iguana (D:4)
  2 adders
  2 gnolls
  2 ufetubi (D:5)
  3 dart slugs
  2 orcs (D:5)
  7 ball pythons
  7 endoplasms
  A giant cockroach (D:4)
  5 goblins
  4 hobgoblins
  3 jackals (D:1)
  6 kobolds
  4 quokkas
  4 bats
  4 frilled lizards (D:3)
  3 rats
66 creatures vanquished.

Vanquished Creatures (collateral kills)
  Josephine (D:10)
  A tengu warrior (D:10)
  Sonja (Lair:2)
  A cyclops (D:8)
  A manticore (D:8)
  Joseph (D:7)
  5 cane toads
  A komodo dragon (Lair:2)
  A troll (D:8)
  Grinder (D:5)
  A shadow (D:9)
  3 wraiths (D:10)
  10 yaks
  A steam dragon (D:6)
  3 wargs (D:10)
  2 nagas (Lair:2)
  8 water moccasins
  An orc warrior (D:9)
  2 black bears
  3 ogres
  2 ice beasts
  3 centaurs (D:9)
  4 bullfrogs
  A scorpion (D:6)
  4 wights (D:8)
  An electric eel (Lair:2)
  2 hounds (D:5)
  A gnoll bouda (D:4)
  8 orc priests
  2 sleepcaps
  4 iguanas
  6 orc wizards
  7 gnolls
  3 adders
  A river rat (D:4)
  2 shadow imps
  3 white imps
  A worm (D:4)
  2 dart slugs (D:4)
  27 orcs
  A ball python (D:4)
  A goblin (D:4)
  2 rats (D:4)
136 creatures vanquished.

Vanquished Creatures (others)
  13 battlemagi
  12 ancestors
25 creatures vanquished.

Grand Total: 227 creatures vanquished

Notes
Turn   | Place    | Note
-------+----------+-------------------------------------------
     0 | D:1      | 2FriedEggs the Vampire Artificer began the quest for the
                  | Orb.
     0 | D:1      | Reached XP level 1. HP: 14/14 MP: 1/1
   349 | D:1      | Reached skill level 1 in Fighting
   441 | D:1      | Reached skill level 2 in Stealth
   603 | D:1      | Reached XP level 2. HP: 17/18 MP: 2/2
   933 | D:1      | Found The Oracle's Delphic Readings.
  1013 | D:1      | Bought a scroll of teleportation for 39 gold pieces
  1273 | D:2      | Gained mutation: You are afflicted with vampirism and can
                  | become a bat while bloodless. [Vampire growth]
  1273 | D:2      | Reached XP level 3. HP: 10/23 MP: 3/3
  2688 | D:3      | Noticed Sigmund
  2931 | D:4      | Found a staircase to the Ecumenical Temple.
  2936 | Temple   | Entered the Ecumenical Temple
  2962 | Temple   | Became a worshipper of Hepliaklqana the Forgotten
  2991 | D:4      | Noticed an ogre
  3603 | D:4      | Reached skill level 3 in Stealth
  3802 | D:4      | Reached XP level 4. HP: 13/26 MP: 4/4
  4014 | D:4      | Reached * piety under Hepliaklqana
  4385 | D:3      | Killed Sigmund
  4386 | D:3      | Reached skill level 4 in Stealth
  4386 | D:3      | Reached XP level 5. HP: 27/27 MP: 5/5
  4854 | D:4      | Reached XP level 6. HP: 32/32 MP: 3/6
  4983 | D:4      | Noticed an angel
  5654 | D:4      | Identified the +1 dagger of Uskayaw {elec, rCorr}
  5920 | D:5      | Entered Level 5 of the Dungeon
  6105 | D:5      | Noticed Grinder
  6208 | D:5      | Found an iron altar of Okawaru.
  6208 | D:5      | Found a burning altar of Makhleb.
  6449 | D:5      | Killed Grinder
  6450 | D:5      | Reached skill level 5 in Stealth
  6450 | D:5      | Reached skill level 5 in Evocations
  6450 | D:5      | Reached XP level 7. HP: 30/36 MP: 7/7
  7109 | D:5      | Reached ** piety under Hepliaklqana
  7111 | D:5      | Remembered your ancestor Bat Master Bo as a battlemage
  7234 | D:5      | Reached skill level 6 in Stealth
  7546 | D:4      | Found a staircase to the Ecumenical Temple.
  8234 | D:4      | Reached skill level 5 in Dodging
  8234 | D:4      | Reached XP level 8. HP: 42/42 MP: 5/8
  8857 | D:6      | Noticed Jeremiah
  8896 | D:6      | Reached skill level 7 in Stealth
  9097 | D:6      | Killed Jeremiah
  9178 | D:6      | Reached skill level 8 in Stealth
  9204 | D:6      | Noticed Menkaure
  9220 | D:6      | Killed Menkaure
  9318 | D:6      | Reached XP level 9. HP: 36/46 MP: 6/9
  9440 | D:6      | Identified the +3 spear of Beblijal {heavy, Will+ Str+2
                  | SInv}
  9876 | D:7      | Reached *** piety under Hepliaklqana
  9913 | D:7      | Reached skill level 1 in Invocations
 10055 | D:7      | Noticed Joseph
 10068 | D:7      | Killed Joseph
 10299 | D:7      | Found a blossoming altar of Fedhas.
 10564 | D:8      | Noticed a tengu warrior
 10723 | D:8      | Noticed Gastronok
 10814 | D:8      | Noticed a manticore
 10819 | D:8      | Killed a manticore
 10820 | D:8      | Reached skill level 5 in Invocations
 10956 | D:8      | Reached **** piety under Hepliaklqana
 11137 | D:8      | Noticed a cyclops
 11147 | D:8      | Killed a cyclops
 11148 | D:8      | Reached skill level 9 in Stealth
 11189 | D:8      | Killed a tengu warrior
 11190 | D:8      | Reached XP level 10. HP: 51/51 MP: 12/14
 11350 | D:8      | Reached skill level 10 in Stealth
 11859 | D:9      | Reached skill level 11 in Stealth
 11934 | D:9      | Identified the +6 whip "Wyacu" {pain, rPois Dex+6}
 12601 | D:9      | Found a staircase to the Orcish Mines.
 12810 | D:10     | Entered Level 10 of the Dungeon
 12859 | D:10     | Found Ufrianec's Weapon Boutique.
 12871 | D:10     | Found a sacrificial altar of Ru.
 12883 | D:10     | Noticed Josephine
 12892 | D:10     | Reached skill level 10 in Evocations
 12892 | D:10     | Reached skill level 5 in Fighting
 12990 | D:10     | Noticed a centaur warrior
 13140 | D:10     | Killed Josephine
 13285 | D:10     | Noticed a tengu warrior
 13510 | D:10     | Reached XP level 11. HP: 31/56 MP: 13/15
 13630 | D:10     | Found a staircase to the Lair.
 13836 | D:10     | Killed a tengu warrior
 13981 | Lair:1   | Entered Level 1 of the Lair of Beasts
 14606 | Lair:1   | Noticed an oklob plant
 14653 | Lair:1   | Reached ***** piety under Hepliaklqana
 15277 | Lair:2   | Found a staircase to the Shoals.
 15384 | Lair:2   | Noticed Sonja
 15399 | Lair:2   | Killed Sonja
 15482 | Lair:2   | Quit the game

Illustrated notes

Levels and vault maps discovered:
D:1:      dpeg_arrival_short_road, layout_basic, minmay_misc_feat_ornament,
          nicolae_nh_oracle_at_delphi
D:2:      layout_basic
D:3:      layout_loops_cross, uniq_sigmund
D:4:      layout_layer_cave, zin_angel, minmay_temple_entry_nine_rooms,
          portal_sewer_entry_e
D:5:      layout_basic, gammafunk_temple_overflow_pools, uniq_grinder
D:6:      layout_rooms, uniq_jeremiah, uniq_menkaure
D:7:      layout_cave_pods, kennysheep_little_box, mainiacjoe_overflow_alcove_2,
          moated_statue, uniq_joseph
D:8:      layout_basic, minmay_small_thing, uniq_gastronok
D:9:      layout_loops_ring, hiddenorc1_lemuel
D:10:     kennysheep_spiral_hall, layout_small_grid,
          mainiacjoe_overflow_alcove_4, nicolae_overflow_crystal_walls,
          erik_lair_orcish_takeover, serial_shops, shop, uniq_erica,
          uniq_josephine
Temple:   regret_index_temple_waves
Lair:1:   layout_long_grid
Lair:2:   layout_roguey, elwin_shoals_entry_rocks, guppyfry_snake_entry_garden,
          portal_ice_cave_rime, serial_bayou_crossing, grunt_megastairs_4,
          infiniplex_staircase_pool_2, lemuel_fruit_fields, uniq_sonja,
          uniq_amaemon

Skill      XL: |  1  2  3  4  5  6  7  8  9 10 11 |
---------------+----------------------------------+-----
Fighting       | 1 2 3 4 5 6 |  6.2
Stealth        | 2 3 4 5 6 8 9 11 | 11.4
Evocations     | 3 4 5 6 7 8 10 | 10.6
Dodging        | 3 4 5 6 7 8 |  8.2
Invocations    | 6 8 |  8.0
Armour         | |  0.7

Action                     |  1- 3 |  4- 6 |  7- 9 | 10-12 || total
---------------------------+-------+-------+-------+-------++-------
  Melee: Club              |    31 |       |       |       ||    31
         Bite              |    31 |    10 |     5 |     3 ||    49
         Short sword       |    63 |       |       |       ||    63
         Punch             |     1 |       |       |       ||     1
         Unarmed           |   147 |   100 |    51 |    33 ||   331
 Invoke: Recall Ancestor   |       |    17 |    34 |    31 ||    82
         Ancestor Identity |       |     1 |       |     1 ||     2
         Ancestor Life: Ba |       |       |     1 |       ||     1
         Idealise          |       |       |       |     2 ||     2
Ability: Exsanguinate      |     2 |       |       |       ||     2
         Revivify          |     1 |       |       |       ||     1
         Bat Form          |     1 |       |       |       ||     1
  Evoke: Wand              |     5 |    12 |     8 |     4 ||    29
    Use: Scroll            |     4 |       |       |    11 ||    15
   Stab: Sleeping          |    10 |     1 |     1 |       ||    12
         Paralysed         |       |    14 |     2 |       ||    16
         Distracted        |       |     2 |       |       ||     2
 Armour: Leather armour    |    48 |       |       |       ||    48
         Skin              |    42 |    25 |    20 |    21 ||   108
  Dodge: Dodged            |   184 |    95 |    77 |    95 ||   451

Table legend: (Time is in decaauts)
 A = Elapsed time spent in this place.
 B = Non-inter-level travel time spent in this place.
 C = Inter-level travel time spent in this place.
 D = Time resting spent in this place.
 E = Time spent auto-exploring this place.
 F = Levels seen in this place.
 G = Mean time per level.
                   A        B        C        D        E       F      G
               +--------+--------+--------+--------+--------+-----+--------+
         Total |  11294 |  10733 |    561 |   1910 |   4754 |  13 |  868.8 |
       Dungeon |  10218 |   9679 |    539 |   1724 |   4435 |  10 | 1021.8 |
        Temple |     33 |     33 |      0 |      0 |      0 |   1 |   33.0 |
          Lair |   1042 |   1020 |     22 |    186 |    319 |   2 |  521.0 |
               +--------+--------+--------+--------+--------+-----+--------+

Top non-repeatable levels by time:
     D:4: 2338 daAuts
     D:1: 1255 daAuts
     D:5: 1233 daAuts
     D:9: 1009 daAuts
  Lair:1: 873 daAuts
     D:8: 846 daAuts
     D:2: 845 daAuts
     D:3: 840 daAuts
    D:10: 736 daAuts
     D:7: 593 daAuts
     D:6: 519 daAuts
  Lair:2: 169 daAuts
  Temple: 33 daAuts
